 Dungeon Crawl Stone Soup version 0.30.1-3-gfc49f6343a (webtiles) character file.

Game seed: 149435558762649381

661151 unrecovered the Warrior (level 26, -6/252 (310) HPs)
             Began as a Pale Draconian Transmuter on Aug 9, 2023.
             Was a High Priest of Ru.
             Mangled by a spectral naga warrior (9 damage)
             ... on level 3 of Tartarus.
             The game lasted 04:37:38 (84938 turns).

unrecovered the Warrior (DrTm)                     Turns: 84938, Time: 04:37:38

HP:   -6/252 (310)  AC: 31    Str: 24      XL:     26   Next: 41%
MP:   15/39         EV: 16    Int: 30 (31) God:    Ru [*****.]
Gold: 6255          SH: 12    Dex: 10 (12) Spells: 1/45 levels left

rFire   + + .        g - +6 Majin-Bo {spellvamp, MP+6 Int+6}
rCold   . . .        k - +1 buckler of the Eternal Fruit {Will+ Str+3 Stlth+}
rNeg    + + +        (body armour unavailable)
rPois   ∞            u - +2 hat {Int+3}
rElec   +            O - +1 cloak of Hepliaklqana's Anger {Str+2 SInv}
rCorr   +            V - melded +0 pair of gloves of Duacon {rC+}
SInv    +            b - melded +2 pair of boots {Fly}
Will    +....        J - amulet "Sovvo" {Reflect Drain rElec rF+ rN+ SH+5} Stlth
                     S - ring of Xom's Full Attention {Contam rF+ rN+ Int+3 Stlth+}
HPRegen 1.42/turn    W - ring "Lyharph" {Wiz rPois rN+ rCorr}
MPRegen 0.26/turn

%: reflection, wizardry (x1)
@: lethally poisoned (-6 -> -6), exhausted, statue-form, slowed, constricted,
studying Poison Magic, heavily drained, unable to drink, weak-willed, very slow
A: slow and powerful, torment resistance 1, boosted hp, (breathe steam), AC +12,
unfitting armour, screaming 2, cold-blooded, no stealth, inability to use
devices, hated by all, unskilled 1, steam resistance, deterioration 1, dopey 1,
low MP 1, sense surroundings 1, regeneration 1, strong 1, inability to drink
after injury 2
}: 6/15 runes: decaying, serpentine, slimy, silver, obsidian, abyssal
a: End Transformation, Renounce Religion, Sacrifice Essence, Sacrifice Courage,
Sacrifice Experience, Reject Sacrifices, Draw Out Power, Power Leap, Apocalypse


You were on level 3 of Tartarus.
You worshipped Ru.
Ru was extremely pleased with you.
You were a living statue of rough stone.
You visited 12 branches of the dungeon, and saw 58 of its levels.
You visited the Abyss 4 times.
You visited 1 bazaar.
You also visited: Trove, Sewer, Ossuary, Bailey, Ice Cave and Desolation.

You collected 8546 gold pieces.
You spent 2291 gold pieces at shops.

Inventory:

Hand Weapons
 g - the +6 Majin-Bo (weapon) {spellvamp, MP+6 Int+6}
   (You found it on level 5 of the Pits of Slime)

   Int:       It affects your intelligence (+6).
   MP:        It affects your magic capacity (+6).
Armour
 b - a +2 pair of boots of flying (melded)
 k - the +1 buckler of the Eternal Fruit (worn) {Will+ Str+3 Stlth+}
   (You found it in the Desolation of Salt)

   Str:       It affects your strength (+3).
   Will:      It increases your willpower.
   Stlth:     It makes you more stealthy.
 u - a +2 hat of intelligence (worn)
 O - the +1 cloak of Hepliaklqana's Anger (worn) {Str+2 SInv}
   (You found it in a treasure trove)

   Str:       It affects your strength (+2).
   SInv:      It lets you see invisible.
 V - the +0 pair of gloves of Duacon (melded) {rC+}
   (You bought it in a shop on level 1 of the Elven Halls)

   rC:        It protects you from cold.
Magical Staves
 c - the staff of fire "Rusu" {rElec rF+}
   (You found it on level 3 of the Elven Halls)

   [staff of fire]

   Base accuracy: +5 Base damage: 5 Base attack delay: 1.2 This weapon's minimum
   attack delay (0.6) is reached at skill level 12.
   rF:        It protects you from fire.
   rElec:     It insulates you from electricity.
   It falls into the 'Staves' category.
   It is a one-handed weapon.
Jewellery
 l - the ring "Ociroust" {+Blink rF+ SInv}
   (You found it in the Desolation of Salt)

   [ring of protection from fire]

   rF:        It protects you from fire.
   SInv:      It lets you see invisible.
   +Blink:    It lets you blink.
 D - the ring of Knowledge {Str+6 Dex+5 SInv}
   (You found it in the Desolation of Salt)

   [ring of strength]

   Str:       It affects your strength (+6).
   Dex:       It affects your dexterity (+5).
   SInv:      It lets you see invisible.
 J - the amulet "Sovvo" (around neck) {Reflect Drain rElec rF+ rN+ SH+5}
   (You found it on level 4 of the Depths)

   [amulet of reflection]

   It reflects blocked missile attacks.
   rF:        It protects you from fire.
   rElec:     It insulates you from electricity.
   rN:        It protects you from negative energy.
   Drain:     It drains your maximum health when unequipped.
   SH:        It affects your SH (+5).
 K - the ring "Ugrimnerech" {rCorr AC+4 Str+3 Dex+3}
   (You bought it in a shop in a bazaar)

   [ring of protection]

   AC:        It affects your AC (+4).
   Str:       It affects your strength (+3).
   Dex:       It affects your dexterity (+3).
   rCorr:     It protects you from acid and corrosion.
 R - the amulet "Hazah" {Spirit Int+4}
   (You found it on level 1 of the Lair of Beasts)

   [amulet of guardian spirit]

   It causes incoming damage to be divided between your reserves of health and
   magic.
   Int:       It affects your intelligence (+4).
 S - the ring of Xom's Full Attention (left fist) {Contam rF+ rN+ Int+3 Stlth+}
   (You found it in the Desolation of Salt)

   [ring of positive energy]

   Int:       It affects your intelligence (+3).
   rF:        It protects you from fire.
   rN:        It protects you from negative energy.
   Contam:    It causes magical contamination when unequipped.
   Stlth:     It makes you more stealthy.
 W - the ring "Lyharph" (right fist) {Wiz rPois rN+ rCorr}
   (You found it on level 2 of the Elven Halls)

   [ring of wizardry]

   It improves your spell success rate.
   rPois:     It protects you from poison.
   rN:        It protects you from negative energy.
   rCorr:     It protects you from acid and corrosion.
Scrolls
 f - 10 scrolls of vulnerability
 h - 5 scrolls of silence
 n - 7 scrolls of fear
 q - 8 scrolls of immolation
 y - 12 scrolls of fog
 z - 7 scrolls of enchant armour
 B - 19 scrolls of teleportation
 F - 4 scrolls of blinking
 H - 4 scrolls of amnesia
 L - 8 scrolls of torment
 T - 14 scrolls of magic mapping
Potions
 a - 15 potions of lignification
 e - 24 potions of curing
 i - 6 potions of cancellation
 m - 2 potions of resistance
 o - 4 potions of berserk rage
 p - 5 potions of haste
 r - 10 potions of flight
 s - 6 potions of heal wounds
 t - 9 potions of mutation
 v - 14 potions of brilliance
 x - 6 potions of might
 A - a potion of invisibility
 C - 8 potions of magic
 G - 7 potions of attraction
 U - 7 potions of ambrosia


   Skills:
 - Level 20.0 Fighting
 - Level 20.0 Dodging
 - Level 10.0 Shields
 - Level 20.0 Unarmed Combat
 - Level 10.0 Spellcasting
 + Level 13.5 Conjurations
 - Level 15.0 Transmutations
 + Level 13.7 Fire Magic
 - Level 9.0 Ice Magic
 - Level 9.0 Air Magic
 - Level 10.0 Earth Magic


You had one spell level left.
You knew the following spells:

 Your Spells              Type           Power      Damage    Failure   Level
a - Irradiate             Conj/Tmut      39%        3d24      1%          5
b - Wereblood             Tmut           81%        N/A       0%          2
c - Dragon Form           Tmut           40%        N/A       2%          7
d - Freezing Cloud        Conj/Ice/Air   33%        6-21      1%          5
e - Frozen Ramparts       Ice            100%       1d16      1%          3
f - Passwall              Tmut/Erth      61%        N/A       1%          2
g - Fireball              Conj/Fire      38%        3d16      1%          5
h - Statue Form           Tmut/Erth      49%        N/A       1%          6
i - Fire Storm            Conj/Fire      38%        8d10      99%         9

Your spell library contained the following spells:

 Spells                   Type           Power      Damage    Failure   Level
 Beastly Appendage        Tmut           100%       N/A       0%          1
 Foxfire                  Conj/Fire      100%       2x1d9     0%          1
 Magic Dart               Conj           100%       1d8       0%          1
 Kiss of Death            Conj/Necr      100%       2d13      1%          1
 Necrotise                Necr           60%        1d7       1%          1
 Sandblast                Erth           100%       2d20      1%          1
 Shock                    Conj/Air       100%       1d9       1%          1
 Slow                     Hex            60%        N/A       1%          1
 Scorch                   Fire           100%       2d9       0%          2
 Searing Ray              Conj           100%       2d8       0%          2
 Cigotuvi's Dreadful Rot  Necr/Pois/Air  66%        N/A       1%          2
 Ensorcelled Hibernation  Hex/Ice        84%        N/A       1%          2
 Dazzling Flash           Conj/Hex       100%       N/A       1%          3
 Hailstorm                Conj/Ice       70%        3d15      1%          3
 Ignite Poison            Fire/Tmut/Pois 64%        N/A       1%          3
 Inner Flame              Hex/Fire       54%        N/A       1%          3
 Mephitic Cloud           Conj/Pois/Air  57%        N/A       1%          3
 Ozocubu's Armour         Ice            62%        N/A       1%          3
 Spider Form              Tmut/Pois      56%        N/A       1%          3
 Stone Arrow              Conj/Erth      100%       3d13      1%          3
 Swiftness                Air            62%        N/A       1%          3
 Vhi's Electric Charge    Tloc/Air       84%        N/A       1%          3
 Volatile Blastmotes      Fire/Tloc      100%       2d18      1%          3
 Airstrike                Air            31%        2d(5-21)  1%          4
 Flame Wave               Conj/Fire      77%        2d17      1%          4
 Fulminant Prism          Conj/Hex       27%        3d13      1%          4
 Ice Form                 Ice/Tmut       72%        N/A       1%          4
 Iskenderun's Mystic Bla  Conj/Tloc      54%        2d12      1%          4
 Leda's Liquefaction      Hex/Erth       22%        N/A       1%          4
 Petrify                  Tmut/Erth      74%        N/A       1%          4
 Sticky Flame             Conj/Fire      77%        2d9       1%          4
 Arcjolt                  Conj/Air       35%        1d45      1%          5
 Blade Hands              Tmut           40%        N/A       1%          5
 Iskenderun's Battlesphe  Conj           77%        2d13      1%          5
 Lee's Rapid Deconstruct  Erth           33%        3d17*     1%          5
 Yara's Violent Unravell  Hex/Tmut       28%        3d12      1%          5
 Iron Shot                Conj/Erth      36%        9d7       1%          6
 Starburst                Conj/Fire      38%        6d11      1%          6
 Blink                    Tloc           30%        N/A       2%          2
 Lesser Beckoning         Tloc           30%        N/A       2%          2
 Sublimation of Blood     Necr           15%        N/A       2%          2
 Conjure Ball Lightning   Conj/Air       35%        3x3d11    2%          6
 Plasma Beam              Fire/Air       35%        2x1d53    2%          6
 Confusing Touch          Hex            15%        N/A       4%          3
 Portal Projectile        Hex/Tloc       30%        N/A       4%          3
 Vampiric Draining        Necr           15%        2d7       4%          3
 Borgnjor's Vile Clutch   Necr/Erth      22%        N/A       6%          5
 Metabolic Englaciation   Hex/Ice        21%        N/A       7%          5
 Silence                  Hex/Air        21%        N/A       7%          5
 Anguish                  Hex/Necr       7%         N/A       16%         4
 Dispel Undead            Necr           15%        3d10      16%         4
 Manifold Assault         Tloc           15%        N/A       16%         4
 Olgreb's Toxic Radiance  Pois           15%        N/A       16%         4
 Passage of Golubria      Tloc           15%        N/A       16%         4
 Ignition                 Fire           38%        3d11      34%         8
 Agony                    Necr           15%        N/A       38%         5
 Lehudib's Crystal Spear  Conj/Erth      36%        10d9      58%         8
 Dispersal                Tloc           7%         N/A       90%         6
 Enfeeble                 Hex            7%         N/A       100%        7
 Borgnjor's Revivificati  Necr           7%         N/A       100%        8
 Discord                  Hex            7%         N/A       100%        8
 Disjunction              Tloc           7%         N/A       100%        8
 Polar Vortex             Ice            31%        N/A       100%        9
 Shatter                  Erth           33%        3d27*     100%        9
 Animate Armour           Summ/Erth      Unusable   N/A       N/A         4
 Call Imp                 Summ           Unusable   N/A       N/A         2
 Summon Ice Beast         Ice/Summ       Unusable   N/A       N/A         4
 Summon Guardian Golem    Hex/Summ       Unusable   N/A       N/A         3
 Tukima's Dance           Hex            Unusable   N/A       N/A         3
 Animate Dead             Necr           Unusable   N/A       N/A         4
 Simulacrum               Ice/Necr       Unusable   N/A       N/A         6
 Summon Forest            Summ/Tloc      Unusable   N/A       N/A         5
 Spellforged Servitor     Conj/Summ      Unusable   N/A       N/A         7
 Death Channel            Necr           Unusable   N/A       N/A         6
 Summon Cactus Giant      Summ           Unusable   N/A       N/A         6

Dungeon Overview and Level Annotations

Branches:
Dungeon (15/15)            Temple (0/1) D:6            Lair (5/5) D:9
  Swamp (4/4) Lair:2        Snake (4/4) Lair:3        Slime (5/5) Lair:5
    Orc (2/2) D:11            Elf (3/3) Orc:2        Vaults (5/5) D:13
  Crypt (0/3) Vaults:3     Depths (4/4) D:15           Hell (visited)
    Dis (0/7) Hell            Geh (7/7) Hell            Coc (0/7) Hell
    Tar (2/7) Hell            Zot (0/5) Depths:4      Sewer (visited)
Ossuary (visited)          Bailey (visited)           IceCv (visited)
Desolation (visited)

Altars:
Ashenzari
Cheibriados
Dithmenos
Elyvilon
Kikubaaqudgha
Makhleb
Nemelex Xobeh
Qazlal
Ru
Sif Muna
Trog
Vehumet
Wu Jian
Xom
Zin
The Shining One

Shops:
D:3 *[**   Orc:2 !?=[   Elf:1 [   Elf:3 *   Snake:2 ([[((   Vaults:4 [
Depths:4 *

Portals:
Hell: Lair:5 Depths:1 Depths:2 Depths:3 Depths:4
Abyss: Depths:2 Depths:3 Depths:4
Pandemonium: Depths:1 Depths:2 Depths:4
Ziggurat: Depths:4

Annotations:
Elf:2 3 runed translucent doors


Innate Abilities, Weirdness & Mutations

You are a living statue of rough stone.
Your actions are slow, but your melee attacks are powerful.
You are resistant to unholy torment.
Your maximum health is greatly increased.
You are immune to poison.
Your equipment is partially melded.
((You can breathe blasts of scalding, opaque steam.))
((Your pale cyan-grey scales are hard. (AC +12)))
You cannot fit into any form of body armour.
You frequently scream uncontrollably at your foes.
You are cold-blooded and may be slowed by cold attacks.
You cannot be stealthy.
You cannot study or use magical devices.
You are hated by all.
You are somewhat unskilled. (-1 Apt)
You are immune to the effects of steam.
Your body sometimes deteriorates upon taking damage.
You are dopey. (Int -2)
Your magical capacity is low. (-10% MP)
You passively map a small area around you.
Your natural rate of healing is unusually fast.
Your muscles are strong. (Str +4, Int/Dex -1)
You sometimes lose the ability to drink potions when taking damage.


Message History

The eidolon is almost destroyed.
You block the eidolon's attack. x2; The spectral naga warrior misses you.
The spectral naga warrior constricts you.
The putrid mouth barely misses you. The putrid mouth misses you.
The eidolon barely misses you.
The eidolon hits you but does no damage.
The spectral naga warrior is stunned by your conviction and fails to attack.
The spectral naga warrior constricts you.
The putrid mouth bites you!
* * * LOW HITPOINT WARNING * * *
The putrid mouth claws you.
* * * LOW HITPOINT WARNING * * *
You feel dopey. The eidolon hits you!
* * * LOW HITPOINT WARNING * * *
You focus your inner power and blind the eidolon in retribution!
The eidolon hits you!
* * * LOW HITPOINT WARNING * * *
The spectral naga warrior hits you but does no damage.
The spectral naga warrior constricts you.
You cannot drink potions in your current state!
Okay, then.
Blink to where?
Press: ? - help, Dir - move target The spectral naga warrior's grasp on you weakens, but your attempt to escape fails.
As you read the scroll of blinking, it crumbles to dust.
The putrid mouth closely misses you. The putrid mouth claws you!
* * * LOW HITPOINT WARNING * * *
The eidolon begins to attack, but is stunned by your conviction!
You redirect the spectral naga warrior's attack!
The spectral naga warrior hits itself!
The spectral naga warrior constricts you.
* * * LOW HITPOINT WARNING * * *
You redirect the putrid mouth's attack!
The putrid mouth closely misses you.
The putrid mouth claws you but does no damage.
You block the eidolon's attack.
The eidolon hits you but does no damage.
The spectral naga warrior hits you!
You die...

, , , ,, ,
*,, , , ,
*,, * . , ,
... , ###
#.... ,,,
###W#......
^ ,
#.)8W......
,
+...Z......
,
#..........
,
#..........
###########


You could see an eidolon (blind), a putrid mouth and a spectral naga warrior.

Vanquished Creatures
  Asmodeus (Geh:7)
  the Royal Jelly (Slime:5)
  Dissolution (Slime:2)
  A dread lich (Geh:4)
  An ancient lich (Vaults:5)
  A juggernaut (Depths:3)
  Boris (thrice) (Vaults:4 Depths:1 Depths:2)
  The ghost of dondy the Conqueror, a veteran HOMo of Beogh (Depths:4)
  the Lernaean hydra (Swamp:4)
  Frederick (Vaults:2)
  The ghost of jlumianski the Warrior, a veteran KoBe of Trog (Vaults:4)
  Geryon (Hell)
  The ghost of dracomuter the Wrestler, an adept TrCK of Xom (Depths:4)
  5 golden dragons
  The ghost of Gemnonof the Warrior, an adept DgCj (Depths:4)
  4 bone dragons
  2 profane servitors
  3 Tzitzimimeh
  23 hellephants
  An iron giant (Depths:4)
  9 Brimstone Fiends
  3 doom hounds
  Rupert (D:15)
  2 tainted leviathans (Tar:2)
  6 tentacled monstrosities
  A deep elf blademaster (Elf:3)
  18 searing wretches
  A lich (Depths:2)
  6 tentacled starspawn (Abyss:3)
  3 deep elf master archers
  5 sphinxes
  20 acid blobs
  5 shadow dragons
  The ghost of Quickbrownfox the Cruncher, an adept DsCj of Vehumet (D:13)
  5 tengu reavers
  A storm dragon (Vaults:4)
  6 nagarajas
  12 rockslimes
  A revenant (Abyss:3)
  11 azure jellies
  18 fire giants
  7 frost giants
  A draconian knight (Abyss:3)
  2 fenstrider witches (Swamp:3)
  Louise (Swamp:1)
  A caustic shrike zombie (Hell)
  19 balrugs
  12 vault wardens
  4 iron dragons
  3 cacodemons
  A spectral caustic shrike (Tar:1)
  4 deep elf elementalists (Elf:3)
  4 deep elf sorcerers (Elf:3)
  A spectral juggernaut (Tar:2)
  16 ironbound preservers
  2 orc warlords
  18 very ugly things
  7 reapers
  5 war gargoyles
  12 quicksilver oozes
  14 stone giants
  A draconian stormcaller (Depths:4)
  2 spriggan defenders (Depths:2)
  A starflower (Abyss:3)
  5 ironbound thunderhulks
  5 vampire knights
  3 spectral titans
  5 eleionomae
  A black draconian (Depths:4)
  5 bunyips
  A purple draconian (Depths:4)
  7 deep elf demonologists
  5 spark wasps
  The ghost of Zkahoot the Eclecticist, a journeyman DECj of Jiyva (Lair:2)
  Azrael (Snake:1)
  2 yellow draconians (Depths:4)
  3 deep elf annihilators (Elf:3)
  12 dire elephants
  2 red draconians (Depths:4)
  3 eidola
  2 iron golems (Hell)
  A halazid warlock (Desolation)
  2 putrid mouths
  3 white draconians
  6 blizzard demons
  7 deep elf death magi
  2 jiangshi (Vaults:3)
  8 ettins
  4 crystal guardians
  A merfolk impaler (Abyss:3)
  9 fire dragons
  11 great orbs of eyes
  3 deep elf high priests
  18 yaktaur captains
  A shambling mangrove (Swamp:4)
  3 rakshasas
  11 ragged hierophants (Desolation)
  9 salamander tyrants
  A spectral spriggan (Tar:2)
  Josephine (Swamp:1)
  3 entropy weavers
  A hell beast (Hell)
  2 ghost crabs
  16 hydras
  The ghost of Alannah the Nimble, a journeyman MfGl of Qazlal (D:10)
  4 servants of whispers (Desolation)
  3 spriggan air magi
  10 ice dragons
  8 peacekeepers
  29 vault guards
  A caustic shrike simulacrum (IceCv)
  7 stokers
  11 alligators
  8 ironbound frosthearts
  9 anacondas
  5 ogre magi
  17 two-headed ogres
  A spectral draconian (Tar:1)
  13 dancing weapons
  2 catoblepae
  20 naga warriors
  26 centaur warriors
  5 boulder beetles
  9 death yaks
  3 deep troll earth magi
  2 vampire magi
  2 spriggan berserkers
  4 tengu warriors
  7 deep troll shamans
  56 hell hogs
  3 orc high priests
  A spectral dire elephant (Tar:1)
  3 spectral nagas
  A soul eater (Abyss:3)
  4 shock serpents
  2 storm dragon zombies (Hell)
  13 naga sharpshooters
  12 sun demons
  Amaemon (D:10)
  22 hell knights
  A thrashing horror (Abyss:3)
  8 wretched stars (Abyss:3)
  4 salamander mystics
  6 iron trolls
  10 deep elf knights
  3 shadow wraiths
  2 skysharks
  4 sixfirhies
  2 shadow demons (Abyss:3)
  6 naga ritualists
  A spectral anaconda (Tar:1)
  A spatial maelstrom (Abyss:3)
  3 spriggan druids
  13 bog bodies
  3 goliath frogs
  A kraken simulacrum (Hell)
  45 deep trolls
  5 glowing orange brains
  A spectral hydra (Tar:3)
  6 deep elf archers
  A death drake (Abyss:3)
  3 flayed ghosts
  2 obsidian statues (IceCv)
  12 wizards
  12 swamp dragons
  24 deep elf zephyrmancers
  4 necromancers
  9 lindwurms
  A sphinx zombie (Hell)
  22 ironbound convokers
  6 phantasmal warriors
  3 harpies (Vaults:4)
  26 ugly things
  22 deep elf pyromancers
  10 mana vipers
  11 orc knights
  An iron dragon zombie (Hell)
  24 salamanders
  2 oklob plants
  12 orc sorcerers
  2 fire giant zombies (Hell)
  8 will-o-the-wisps
  A frost giant zombie (Hell)
  12 large abominations (Abyss:3)
  6 shining eyes
  3 cyclopes
  3 manticores (D:14)
  A spectral ettin (Tar:1)
  24 vault sentinels
  15 naga magi
  2 spectral centaurs (Tar:2)
  9 elephants
  A molten gargoyle (Desolation)
  31 black mambas
  A demonic crawler (Abyss:3)
  7 rust devils (Hell)
  6 eyes of devastation
  8 cane toads
  2 torpor snails (Lair:3)
  2 apocalypse crabs (Abyss:3)
  Maggie (Lair:1)
  8 orange demons
  17 guardian serpents
  An unseen horror (D:11)
  8 hellions
  4 gargoyles
  A torpor snail (shapeshifter) (Vaults:5)
  10 rime drakes
  11 smoke demons
  3 kobold demonologists
  5 tormentors
  A spriggan zombie (Hell)
  A rime drake (shapeshifter) (D:15)
  12 komodo dragons
  7 tengu conjurers
  2 anaconda simulacra
  7 freezing wraiths
  27 yaktaurs
  3 ice devils
  3 spectral harpies
  A silent spectre (Tar:2)
  3 ancient zymes (Abyss:3)
  5 trolls
  4 red devils
  3 golden dragon simulacra (IceCv)
  A bloated husk (Swamp:4)
  6 meliai (D:13)
  A hellwing (Abyss:3)
  The ghost of flt the Changer, an amateur DgTm (D:5)
  14 raiju (Abyss:3)
  11 hornets
  A tarantella (Vaults:5)
  A hydra skeleton (Hell)
  3 polar bears (Lair:4)
  47 saltlings (Desolation)
  An ettin zombie (Hell)
  8 tyrant leeches
  An alligator zombie (Hell)
  4 dream sheep
  17 blink frogs
  A shadow (D:9)
  167 slime creatures
  A culicivora (Vaults:5)
  A vampire (Abyss:3)
  6 flying skulls (Abyss:3)
  A culicivora (shapeshifter) (Abyss:3)
  4 wraiths
  5 ynoxinuls (Abyss:3)
  An alligator skeleton (Hell)
  13 water elementals
  5 fire elementals
  9 spriggans
  3 wyverns
  A human (D:11)
  A golden eye (shapeshifter) (D:15)
  7 golden eyes
  A basilisk (Lair:2)
  39 yaks
  17 vampire mosquitoes
  6 neqoxecs (Abyss:3)
  3 chaos spawn (Abyss:3)
  Grum (D:10)
  2 steam dragons (D:8)
  A harpy simulacrum (IceCv)
  A glowing shapeshifter zombie (Hell)
  5 wargs
  35 nagas
  3 spatial vortices (Abyss:3)
  A swamp worm (shapeshifter) (Vaults:4)
  21 swamp worms
  2 acid dragons
  2 hydra simulacra (IceCv)
  Edmund (D:5)
  9 water moccasins
  4 small abominations (Abyss:3)
  4 hell hounds
  2 floating eyes
  30 orc warriors
  An ice beast (D:7)
  12 swamp drakes
  A black bear (D:6)
  An alligator simulacrum (IceCv)
  A black bear (shapeshifter) (D:13)
  3 ettin simulacra (IceCv)
  6 boggarts
  12 wolves
  17 ogres
  The ghost of sonasty the Magician, an amateur DjFE of Dithmenos (D:3)
  15 centaurs
  4 kobold brigands
  12 bullfrogs
  A scorpion (D:6)
  A deep troll simulacrum (IceCv)
  An earth elemental (Elf:1)
  2 wights (D:9)
  6 water moccasin zombies (Ossuary)
  9 killer bees
  6 electric eels
  12 howler monkeys
  A quasit (Abyss:3)
  2 hounds
  11 jellies
  A gnoll bouda (D:4)
  15 orc priests
  6 starcursed masses (Abyss:3)
  3 iguanas
  A sleepcap (D:7)
  Natasha (thrice) (D:2)
  39 orc wizards
  5 hell rats (Hell)
  A statue (D:13)
  2 mummies (Ossuary)
  7 adders
  21 gnolls
  2 river rats (Sewer)
  A shadow imp (D:5)
  4 white imps
  2 ufetubi
  5 adder zombies (Ossuary)
  3 worms
  3 dart slugs (D:1)
  75 orcs
  9 ball pythons
  5 bats
  15 endoplasms
  9 giant cockroaches
  9 hobgoblins
  25 kobolds
  5 quokkas
  7 frilled lizards
  19 goblins
  2 goblin zombies (D:5)
  2 hobgoblin zombies (Ossuary)
  4 kobold zombies (Ossuary)
  7 orc zombies (Ossuary)
  7 rats
  4 creeping infernos
  19 fire vortices
  A lurking horror (Abyss:3)
  8 starspawn tentacles (Abyss:3)
2489 creatures vanquished.

Vanquished Creatures (others)
  An eldritch tentacle (Abyss:3)
  A tengu reaver (Vaults:5)
  A fire giant (Vaults:5)
  A vault warden (Vaults:4)
  2 deep elf annihilators (Elf:3)
  2 great orbs of eyes
  A deep elf high priest (Vaults:5)
  2 servants of whispers (Desolation)
  A centaur warrior (Vaults:2)
  2 hydras
  A two-headed ogre (D:15)
  2 dancing weapons
  A naga sharpshooter (Snake:4)
  3 deep trolls
  A swamp dragon (Swamp:4)
  A spatial maelstrom (Abyss:3)
  A bog body (Swamp:4)
  2 deep elf archers
  A deep elf zephyrmancer (Elf:2)
  A phantasmal warrior (Vaults:5)
  An ironbound convoker (Vaults:5)
  A shining eye (shapeshifter) (D:13)
  A guardian serpent (Snake:4)
  A black mamba (Snake:3)
  A vault sentinel (Vaults:3)
  A molten gargoyle (Hell)
  3 yaktaurs
  A golden dragon simulacrum (IceCv)
  A sea snake skeleton (Hell)
  A bloated husk (Swamp:4)
  A polar bear (Lair:5)
  A raiju (Swamp:4)
  A saltling (Desolation)
  3 slime creatures
  A water elemental (Elf:3)
  2 yaks
  A swamp worm (Swamp:1)
  A water moccasin (Lair:5)
  An orc warrior (Orc:1)
  A swamp drake (Swamp:4)
  A boggart (D:14)
  A small abomination (Abyss:3)
  A gnoll sergeant (D:8)
  A wight (D:9)
  A lindwurm simulacrum (IceCv)
  An orc wizard (Orc:2)
  3 gnolls
  A kobold (D:7)
  2 creeping infernos
  7 fire vortices
  44 foxfires
  A lurking horror (Abyss:3)
  10 starspawn tentacles (Abyss:3)
127 creatures vanquished.

Grand Total: 2616 creatures vanquished

Notes
Turn   | Place    | Note
-------+----------+-------------------------------------------
     0 | D:1      | unrecovered the Draconian Transmuter began the quest for
                  | the Orb.
     0 | D:1      | Reached XP level 1. HP: 16/16 MP: 3/3
   170 | D:1      | Reached XP level 2. HP: 23/23 MP: 3/5
   431 | D:1      | Reached XP level 3. HP: 28/28 MP: 6/6
   880 | D:2      | Noticed Natasha
   893 | D:2      | Killed Natasha
  1122 | D:2      | Noticed Natasha
  1125 | D:2      | Killed Natasha
  1126 | D:2      | Reached skill level 5 in Unarmed Combat
  1126 | D:2      | Reached XP level 4. HP: 35/35 MP: 7/7
  1129 | D:2      | Learned a level 2 spell: Wereblood
  1134 | D:2      | Learned a level 4 spell: Ice Form
  1196 | D:2      | Noticed Natasha
  1202 | D:2      | Killed Natasha
  1324 | D:2      | Found a faded altar of an unknown god.
  1479 | D:2      | Reached XP level 5. HP: 15/40 MP: 6/8
  1733 | D:3      | Found an ornate altar of the Wu Jian Council.
  1756 | D:3      | Found Vucupho's General Store.
  1765 | D:3      | Bought a scroll of immolation for 40 gold pieces
  1765 | D:3      | Bought a potion of curing for 30 gold pieces
  1765 | D:3      | Bought a scroll of magic mapping for 75 gold pieces
  1905 | D:3      | Found Usaots's Armour Emporium.
  1987 | D:3      | Found a transporter.
  1995 | D:3      | Noticed sonasty's ghost (amateur DjFE)
  1998 | D:3      | Found a transporter.
  2019 | D:3      | Found a snail-covered altar of Cheibriados.
  2019 | D:3      | Found a glowing golden altar of the Shining One.
  2020 | D:3      | Found a shadowy altar of Dithmenos.
  2020 | D:3      | Found a white marble altar of Elyvilon.
  2021 | D:3      | Found a basalt altar of Yredelemnul.
  2021 | D:3      | Found a broken altar of Ashenzari.
  2022 | D:3      | Found a glowing silver altar of Zin.
  2022 | D:3      | Found a blossoming altar of Fedhas.
  2022 | D:3      | Found a burning altar of Makhleb.
  2024 | D:3      | Found a sacrificial altar of Ru.
  2024 | D:3      | Found a shimmering blue altar of Sif Muna.
  2024 | D:3      | Found a hazy altar of Hepliaklqana.
  2035 | D:3      | Became a worshipper of Ru the Awakened
  2054 | D:3      | Found Icluhoh's Assorted Antiques.
  2261 | D:3      | Found Posebri's General Store.
  2382 | D:4      | Found a glowing drain.
  2397 | Sewer    | Entered a sewer
  2560 | Sewer    | Reached skill level 1 in Ice Magic
  2773 | Sewer    | Reached XP level 6. HP: 29/47 MP: 7/9
  2948 | Sewer    | Found a viscous altar of Jiyva.
  3365 | D:4      | Reached skill level 5 in Transmutations
  3509 | D:4      | Gained mutation: You are hated by all. [Ru sacrifice]
  3509 | D:4      | Reached * piety under Ru
  3963 | D:5      | Entered Level 5 of the Dungeon
  3997 | D:5      | Noticed Edmund
  4001 | D:5      | Killed Edmund
  4002 | D:5      | Your scales start taking on a pale cyan-grey colour.
  4002 | D:5      | Reached XP level 7. HP: 52/52 MP: 5/10
  4002 | D:5      | Gained mutation: You are immune to the effects of steam.
                  | [Pale Draconian growth]
  4019 | D:5      | Found a sand-covered staircase.
  4037 | Ossuary  | Entered an ossuary
  4171 | Ossuary  | Reached skill level 5 in Ice Magic
  4212 | Ossuary  | Reached XP level 8. HP: 59/59 MP: 8/11
  4346 | D:5      | Noticed flt's ghost (amateur DgTm)
  4357 | D:5      | Found a runed translucent door.
  4858 | D:5      | Found a sparkling altar of Nemelex Xobeh.
  5138 | D:6      | Found a staircase to the Ecumenical Temple.
  5477 | D:6      | Reached skill level 5 in Fighting
  5849 | D:7      | Reached XP level 9. HP: 78/78 MP: 7/12
  6237 | D:7      | Gained mutation: You cannot be stealthy. [Ru sacrifice]
  6237 | D:7      | Reached ** piety under Ru
  6630 | D:8      | Reached skill level 10 in Fighting
  6656 | D:7      | Learned a level 5 spell: Freezing Cloud
  7569 | D:9      | Found a staircase to the Lair.
  7756 | D:9      | Reached XP level 10. HP: 93/93 MP: 8/13
  8131 | D:9      | Found a stormy altar of Qazlal.
  8367 | D:10     | Entered Level 10 of the Dungeon
  8372 | D:10     | Noticed a two-headed ogre
  8427 | D:10     | Noticed a cyclops
  8434 | D:10     | Killed a cyclops
  8445 | D:10     | Killed a two-headed ogre
  8487 | D:10     | Noticed Grum
  8503 | D:10     | Killed Grum
  8541 | D:10     | Found a flagged portal.
  8554 | Bailey   | Entered a bailey
  8714 | Bailey   | Gained mutation: You cannot study or use magical devices.
                  | [Ru sacrifice]
  8714 | Bailey   | Reached *** piety under Ru
  8714 | Bailey   | Reached **** piety under Ru
  8751 | Bailey   | Noticed an orc high priest
  8759 | Bailey   | Killed an orc high priest
  8760 | Bailey   | Reached skill level 10 in Unarmed Combat
  8760 | Bailey   | Reached skill level 1 in Conjurations
  8760 | Bailey   | Reached skill level 1 in Air Magic
  8863 | Bailey   | Found an iron altar of Okawaru.
  8863 | Bailey   | Noticed an orc sorcerer
  8871 | Bailey   | Killed an orc sorcerer
  9342 | Bailey   | Acquired a ring of see invisible
  9536 | D:10     | Reached XP level 11. HP: 99/99 MP: 11/14
  9660 | D:10     | Noticed Amaemon
  9687 | D:10     | Killed Amaemon
  9960 | D:10     | Found a runed translucent gate.
  9962 | D:10     | Found a runed translucent gate.
  9962 | D:10     | Found a runed translucent gate.
  9963 | D:10     | Noticed Alannah's ghost (journeyman MfGl)
  9964 | D:10     | Noticed a glowing orange brain
 10424 | D:11     | Reached skill level 5 in Air Magic
 10488 | D:11     | Reached skill level 5 in Conjurations
 10503 | D:11     | Noticed a two-headed ogre
 10529 | D:11     | Killed a two-headed ogre
 10685 | D:11     | Found a portal to a secret trove of treasure.
 10689 | D:11     | Found a staircase to the Orcish Mines.
 11621 | D:12     | Noticed a white ugly thing
 11634 | D:12     | Killed a white ugly thing
 11795 | D:12     | Noticed a two-headed ogre
 11803 | D:12     | Killed a two-headed ogre
 12266 | D:12     | Reached XP level 12. HP: 66/106 MP: 1/18
 12943 | Lair:1   | Entered Level 1 of the Lair of Beasts
 12943 | Lair:1   | Noticed a five-headed hydra
 12956 | Lair:1   | Killed a five-headed hydra
 13081 | Lair:1   | Learned a level 3 spell: Frozen Ramparts
 13614 | Lair:1   | Identified the amulet "Hazah" {Spirit Int+4}
 13834 | Lair:1   | Noticed Maggie
 13842 | Lair:1   | Killed Maggie
 14347 | Lair:2   | Found a staircase to the Swamp.
 14353 | Lair:2   | Reached skill level 5 in Dodging
 14620 | Lair:2   | Noticed a seven-headed hydra
 14625 | Lair:2   | Noticed Zkahoot's ghost (journeyman DECj)
 14633 | Lair:2   | Found a runed translucent gate.
 14633 | Lair:2   | Found a runed translucent gate.
 15046 | Lair:2   | Noticed a seven-headed hydra
 15050 | Lair:2   | Killed a seven-headed hydra
 15391 | Lair:2   | Found a runed translucent gate.
 16323 | Lair:3   | Found the +4 skin of Zhor {*Englaciate rC+++ SInv}
 16369 | Lair:3   | Reached XP level 13. HP: 113/113 MP: 14/19
 16443 | Lair:3   | Found a staircase to the Snake Pit.
 17231 | Lair:4   | Reached skill level 10 in Dodging
 18683 | Lair:4   | Identified the +2 robe of Cheibriados's Delight {rN++ rCorr
                  | Dex-5 Stlth-}
 18709 | Lair:5   | Entered Level 5 of the Lair of Beasts
 19225 | Lair:4   | Gained mutation: You are somewhat unskilled. (-1 Apt) [Ru
                  | sacrifice]
 19225 | Lair:4   | Reached ***** piety under Ru
 20205 | Lair:5   | Reached XP level 14. HP: 118/118 MP: 10/20
 21151 | Lair:5   | Reached skill level 10 in Fighting
 21185 | Lair:5   | Reached skill level 10 in Unarmed Combat
 21185 | Lair:5   | Reached skill level 5 in Spellcasting
 21335 | Lair:5   | Found a burning altar of Makhleb.
 21673 | Lair:5   | Found a staircase to the Slime Pits.
 22224 | Lair:5   | Found a gateway to Hell.
 22434 | Orc:1    | Entered Level 1 of the Orcish Mines
 23049 | Orc:2    | Entered Level 2 of the Orcish Mines
 23111 | Orc:2    | Found a staircase to the Elven Halls.
 24080 | Orc:2    | Found a radiant altar of Vehumet.
 24095 | Orc:2    | Found Qiafaito's Jewellery Boutique.
 24108 | Orc:2    | Found an ancient bone altar of Kikubaaqudgha.
 24296 | Orc:2    | Found Naeppeh's Antique Armour Boutique.
 24304 | Orc:2    | Bought a pair of glowing boots for 202 gold pieces
 24344 | Orc:2    | Found Terhyxol's Magic Scroll Shop.
 24498 | Orc:2    | Found Xoecul's Distillery.
 24500 | Orc:2    | Bought a scroll of identify for 26 gold pieces
 24509 | Orc:2    | Bought a potion of invisibility for 112 gold pieces
 24744 | Elf:1    | Entered Level 1 of the Elven Halls
 25536 | Elf:1    | Reached XP level 15. HP: 49/130 MP: 6/22
 26942 | Elf:1    | Found Hoatiw's Antique Armour Emporium.
 26952 | Elf:1    | Bought a pair of translucent gloves for 247 gold pieces
 26952 | Elf:1    | Identified the +0 pair of gloves of Duacon {rC+} (You
                  | bought it in a shop on level 1 of the Elven Halls)
 27832 | Elf:2    | Noticed a deep elf master archer
 27845 | Elf:2    | Killed a deep elf master archer
 27846 | Elf:2    | Reached skill level 15 in Fighting
 28374 | Elf:3    | Entered Level 3 of the Elven Halls
 28563 | Elf:3    | Found Itois's Assorted Antiques.
 28567 | Elf:3    | Bought a potion of heal wounds for 130 gold pieces
 28567 | Elf:3    | Bought a scroll of identify for 52 gold pieces
 29243 | Elf:2    | Found a runed translucent gate.
 29248 | Elf:2    | Found a runed translucent gate.
 29248 | Elf:2    | Found a runed translucent gate.
 29502 | Elf:2    | Identified the ring "Lyharph" {Wiz rPois rN+ rCorr}
 31361 | Elf:3    | Identified the +5 scimitar of Conscience {holy, Will+
                  | Str+3}
 31625 | Elf:3    | Noticed a deep elf sorcerer
 31625 | Elf:3    | Noticed a deep elf sorcerer
 31631 | Elf:3    | Killed a deep elf sorcerer
 31640 | Elf:3    | Killed a deep elf sorcerer
 31743 | Elf:3    | Killed a ghostly deep elf sorcerer
 31760 | Elf:3    | Noticed a deep elf master archer
 31760 | Elf:3    | Noticed a deep elf blademaster
 31767 | Elf:3    | Killed a deep elf master archer
 31768 | Elf:3    | Reached XP level 16. HP: 84/149 MP: 4/23
 31770 | Elf:3    | Killed a deep elf blademaster
 32052 | Abyss:3  | Found a corrupted altar of Lugonu.
 32052 | Abyss:3  | Cast into level 3 of the Abyss (a deep elf sorcerer)
 32354 | Abyss:3  | Noticed a tentacled starspawn
 32413 | Abyss:3  | Noticed a hellephant
 32636 | Abyss:3  | Noticed a tentacled starspawn
 32647 | Abyss:3  | Killed a tentacled starspawn
 32650 | Elf:3    | Escaped the Abyss
 32806 | Elf:3    | Learned a level 2 spell: Passwall
 33083 | Elf:3    | Noticed a deep elf master archer
 33314 | Elf:3    | Killed a deep elf master archer
 33822 | Elf:3    | Got Kikubaaqudgha's Verses on Bones
 33828 | Elf:3    | Identified the staff of death "Muynoapn" {rN+ Str+2}
 33840 | Elf:3    | Got Qarhujer's Volume of Concussion and Gloom
 33845 | Elf:3    | Got Ruhaef's Precepts of the Summer and Malediction
 33889 | Elf:3    | Identified the staff of fire "Rusu" {rElec rF+}
 33891 | Elf:3    | Identified the +12 sling of Etokauli {antimagic, rF+ rC+
                  | rN+ rCorr}
 34393 | D:13     | Found a runed translucent gate.
 34394 | D:13     | Found a runed translucent gate.
 34395 | D:13     | Found a runed translucent gate.
 34397 | D:13     | Noticed Quickbrownfox's ghost (adept DsCj)
 34645 | D:13     | Learned a level 5 spell: Fireball
 34866 | D:13     | Reached skill level 1 in Fire Magic
 35366 | D:13     | Found a gate to the Vaults.
 35447 | D:13     | Found a radiant altar of Vehumet.
 36011 | D:13     | Killed Quickbrownfox's ghost
 36177 | D:10     | Killed Alannah's ghost
 36331 | Lair:2   | Killed Zkahoot's ghost
 36559 | D:5      | Killed flt's ghost
 36664 | D:3      | Killed sonasty's ghost
 36941 | D:14     | Found a frozen archway.
 36945 | IceCv    | Entered an ice cave
 37155 | IceCv    | Reached skill level 5 in Fire Magic
 38434 | IceCv    | Reached XP level 17. HP: 92/112 MP: 6/24
 39091 | D:14     | Identified the +4 halberd of Etuess Wyfeq {spect, rPois}
 39572 | D:14     | Identified the +0 cloak "Assi" {Str+2}
 39681 | D:15     | Entered Level 15 of the Dungeon
 40202 | D:15     | Gained mutation: You occasionally shout uncontrollably at
                  | your foes. [Ru sacrifice]
 40535 | D:15     | Found a staircase to the Depths.
 40558 | D:15     | Noticed Rupert
 40571 | D:15     | Killed Rupert
 40572 | D:15     | Reached skill level 15 in Unarmed Combat
 40889 | D:15     | Found the sphere of Battle
 41108 | D:15     | Learned a level 6 spell: Statue Form
 41283 | Snake:1  | Entered Level 1 of the Snake Pit
 41647 | Snake:1  | Noticed Azrael
 41660 | Snake:1  | Killed Azrael
 41661 | Snake:1  | Reached skill level 1 in Earth Magic
 42151 | Snake:1  | Identified the +8 scale mail of Soraonye {Str+3 Stlth+}
 43569 | Snake:2  | Reached skill level 5 in Earth Magic
 43981 | Snake:2  | Found Guepad's Antique Armour Shop.
 43982 | Snake:2  | Found Zupp's Antique Weapon Shop.
 43982 | Snake:2  | Found Juihawirgh's Weapon Boutique.
 43987 | Snake:2  | Found Regegaop's Armour Boutique.
 44018 | Snake:2  | Found an ornate altar of the Wu Jian Council.
 44806 | Snake:2  | Found Hapaos's Weapon Shoppe.
 46037 | Snake:3  | Reached XP level 18. HP: 120/162 MP: 9/28
 47036 | Snake:4  | Entered Level 4 of the Snake Pit
 47254 | Snake:4  | Found a shimmering altar of Xom.
 48232 | Snake:4  | Reached skill level 10 in Transmutations
 48499 | Snake:4  | Reached skill level 10 in Earth Magic
 48654 | Snake:4  | Got a serpentine rune of Zot
 48914 | Swamp:1  | Entered Level 1 of the Swamp
 48965 | Swamp:1  | Noticed Louise
 48977 | Swamp:1  | Killed Louise
 49108 | Swamp:1  | Noticed Josephine
 49124 | Swamp:1  | Killed Josephine
 49584 | Swamp:1  | Learned a level 5 spell: Irradiate
 50126 | Swamp:2  | Acquired the +18 shield of the Gong {Loud rN+ Will+ rCorr
                  | EV-5}
 50126 | Swamp:2  | Found the +18 shield of the Gong {Loud rN+ Will+ rCorr
                  | EV-5}
 50129 | Swamp:2  | Acquired a book of Transfigurations
 51017 | Swamp:3  | Reached XP level 19. HP: 170/170 MP: 9/32
 51534 | Swamp:3  | Identified the +6 great sword "Tuasmuek" {venom, Fragile
                  | rCorr Int+3}
 51685 | Swamp:4  | Entered Level 4 of the Swamp
 51706 | Swamp:4  | Learned a level 7 spell: Dragon Form
 51788 | Swamp:4  | Reached skill level 10 in Spellcasting
 52351 | Swamp:4  | Noticed the 27-headed Lernaean hydra
 52355 | Swamp:4  | Killed the 27-headed Lernaean hydra
 52369 | Swamp:4  | Got a decaying rune of Zot
 53774 | Vaults:1 | Entered Level 1 of the Vaults
 53868 | Vaults:1 | Found a flickering gateway to a bazaar.
 53881 | Bazaar   | Entered a bazaar
 53881 | Bazaar   | Found Onomor's General Store.
 53881 | Bazaar   | Found Javunan's Assorted Antiques.
 54101 | Bazaar   | Found Ludew's General Store.
 54101 | Bazaar   | Found Josigg's Weapon Shoppe.
 54104 | Bazaar   | Bought a scroll of magic mapping for 165 gold pieces
 54104 | Bazaar   | Bought a steaming bronze ring for 110 gold pieces
 54104 | Bazaar   | Identified the ring "Ugrimnerech" {rCorr AC+4 Str+3 Dex+3}
                  | (You bought it in a shop in a bazaar)
 54104 | Bazaar   | Bought a pair of faintly humming gloves for 209 gold pieces
 54104 | Bazaar   | Identified the +0 pair of gloves of Weak Tender Moments
                  | {Str+6} (You bought it in a shop in a bazaar)
 54104 | Bazaar   | Bought a scroll of blinking for 165 gold pieces
 54108 | Bazaar   | Bought the +2 cloak of the Miller {Harm rElec rF+} for 248
                  | gold pieces
 54114 | Bazaar   | Bought a potion of cancellation for 96 gold pieces
 54114 | Bazaar   | Bought a potion of magic for 96 gold pieces
 54114 | Bazaar   | Bought a scroll of amnesia for 48 gold pieces
 54213 | Vaults:1 | Found a crumbling gateway.
 54231 | Desolati | Entered the Desolation of Salt
 54465 | Desolati | Identified the staff of death "Juskon" {rN+ Will+ Dex+5}
 54472 | Desolati | Identified the ring "Axurup" {rC+ Int+2}
 54480 | Desolati | Identified the +1 buckler of the Eternal Fruit {Will+ Str+3
                  | Stlth+}
 54482 | Desolati | Identified the ring "Ociroust" {+Blink rF+ SInv}
 54496 | Desolati | Got Samec's Compilation of the Tesseract
 54650 | Desolati | Got Hitoa's Quarto of Transposition and the Panacea
 54653 | Desolati | Got the Spellbook of the Arenous Icicle
 54664 | Desolati | Identified the ring of Knowledge {Str+6 Dex+5 SInv}
 54680 | Desolati | Identified the -1 pair of gloves "Catucw" {rF+ Regen+
                  | Dex+7}
 55063 | Desolati | Identified the ring of Xom's Full Attention {Contam rF+ rN+
                  | Int+3 Stlth+}
 55490 | Vaults:1 | Reached XP level 20. HP: 184/184 MP: 24/34
 56058 | Abyss:3  | Cast into level 3 of the Abyss (a wizard)
 56063 | Abyss:3  | Found a corrupted altar of Lugonu.
 56153 | Abyss:3  | Noticed a bone dragon
 56173 | Abyss:3  | Killed a bone dragon
 56182 | Abyss:3  | Noticed a bone dragon
 56193 | Abyss:3  | Killed a bone dragon
 56200 | Abyss:3  | Paralysed by you for 2 turns
 56218 | Vaults:1 | Escaped the Abyss
 57721 | Vaults:2 | Noticed Frederick
 57730 | Vaults:2 | Killed Frederick
 58815 | Vaults:2 | Found a transporter.
 58859 | Vaults:2 | Found a transporter.
 59300 | Vaults:3 | Reached XP level 21. HP: 177/177 MP: 14/35
 59620 | Vaults:3 | Paralysed by a great orb of eyes for 2 turns
 59728 | Vaults:3 | Found a staircase to the Crypt.
 60502 | Abyss:3  | Cast into level 3 of the Abyss (a wizard)
 60537 | Abyss:3  | Reached skill level 1 in Shields
 60577 | Abyss:3  | Gained mutation: You occasionally lose the ability to drink
                  | potions when taking damage. [a cacodemon]
 60738 | Vaults:3 | Escaped the Abyss
 61204 | Vaults:3 | Identified the ring of the First Mouths {Slay+2 SInv}
 61958 | Vaults:4 | Reached skill level 5 in Shields
 62035 | Vaults:4 | Found Wuenot's Armour Shop.
 62108 | Vaults:4 | Noticed Boris
 62118 | Vaults:4 | Killed Boris
 62567 | Vaults:4 | Found a runed translucent door.
 62567 | Vaults:4 | Found a shimmering altar of Xom.
 62567 | Vaults:4 | Noticed jlumianski's ghost (veteran KoBe)
 63035 | Vaults:5 | Entered Level 5 of the Vaults
 63219 | Vaults:5 | Reached skill level 15 in Dodging
 63604 | Vaults:4 | Reached XP level 22. HP: 205/205 MP: 31/36
 63641 | Vaults:5 | Noticed a golden dragon
 63813 | Vaults:5 | Noticed an ancient lich
 63824 | Vaults:4 | Killed a golden dragon
 64384 | Vaults:5 | Noticed a golden dragon
 64420 | Vaults:5 | Got a silver rune of Zot
 64751 | Vaults:5 | Noticed a golden dragon
 64763 | Vaults:5 | Killed a golden dragon
 65272 | Vaults:5 | Acquired 656 gold pieces
 65447 | Vaults:5 | Killed an ancient lich
 65451 | Vaults:5 | Killed a golden dragon
 65452 | Vaults:5 | Reached skill level 10 in Shields
 66512 | Slime:1  | Entered Level 1 of the Pits of Slime
 67173 | Slime:2  | Paralysed by a great orb of eyes for 2 turns
 67197 | Slime:2  | Gained mutation: You frequently scream uncontrollably at
                  | your foes. [a shining eye]
 67197 | Slime:2  | Gained mutation: You passively map a small area around you.
                  | [a shining eye]
 67416 | Slime:3  | Gained mutation: You are agile. (Dex +4, Str/Int -1) [a
                  | shining eye]
 67502 | Slime:3  | Gained mutation: Your magical capacity is low. (-10% MP) [a
                  | shining eye]
 67884 | Slime:3  | Reached XP level 23. HP: 215/215 MP: 19/33
 67998 | Slime:2  | Noticed Dissolution
 68002 | Slime:2  | Paralysed by a floating eye for 2 turns
 68011 | Slime:2  | Killed Dissolution
 68813 | Slime:5  | Entered Level 5 of the Pits of Slime
 68814 | Slime:5  | Gained mutation: Your body sometimes deteriorates upon
                  | taking damage. [a shining eye]
 68815 | Slime:5  | Paralysed by a floating eye for 4 turns
 68815 | Slime:5  | Gained mutation: You are dopey. (Int -2) [a shining eye]
 68818 | Slime:5  | Gained mutation: You occasionally lose the ability to read
                  | scrolls when taking damage. [a shining eye]
 68842 | Slime:5  | Noticed the Royal Jelly
 68901 | Slime:5  | Gained mutation: You are very dopey. (Int -4) [a shining
                  | eye]
 69280 | Slime:5  | Found the +6 Majin-Bo {spellvamp, MP+6 Int+6}
 69364 | Slime:5  | Killed the Royal Jelly
 69763 | Slime:5  | Identified the staff of fire "Migepudd" {Fly rF+}
 69774 | Slime:5  | Got a slimy rune of Zot
 70615 | Depths:1 | Entered Level 1 of the Depths
 70908 | Depths:1 | Gained mutation: You sometimes lose the ability to drink
                  | potions when taking damage. [mutagenic glow]
 71026 | Depths:1 | Noticed Boris
 71038 | Depths:1 | Killed Boris
 71269 | Depths:1 | Identified the +2 dagger of Regicide {heavy, rF+ Will+
                  | Str+2 Int+3}
 71335 | Depths:1 | Found a glowing golden altar of the Shining One.
 71370 | Depths:1 | Found a burning altar of Makhleb.
 71789 | Depths:1 | Found a one-way gate leading to the halls of Pandemonium.
 72041 | Depths:2 | Noticed Boris
 72052 | Depths:2 | Killed Boris
 72190 | Depths:2 | Reached skill level 15 in Transmutations
 72352 | Depths:2 | Found a one-way gate to the infinite horrors of the Abyss.
 73753 | Abyss:3  | Cast into level 3 of the Abyss (a wizard)
 73763 | Abyss:3  | Reached XP level 24. HP: 224/224 MP: 27/33
 73808 | Abyss:3  | Gained mutation: Your spells are a little easier to cast,
                  | but a little less powerful. [a neqoxec]
 73921 | Abyss:3  | Found a shimmering blue altar of Sif Muna.
 73927 | Abyss:3  | Gained mutation: Potions are less effective at restoring
                  | your health. [a neqoxec]
 74088 | Abyss:3  | Got an abyssal rune of Zot
 74273 | Depths:3 | Escaped the Abyss
 74516 | Depths:3 | Noticed a juggernaut
 74522 | Depths:3 | Killed a juggernaut
 74533 | Depths:3 | Lost mutation: You occasionally lose the ability to read
                  | scrolls when taking damage. [potion of mutation]
 74533 | Depths:3 | Lost mutation: Potions are less effective at restoring your
                  | health. [potion of mutation]
 74534 | Depths:3 | Lost mutation: You are agile. (Dex +4, Str/Int -1) [potion
                  | of mutation]
 74534 | Depths:3 | Lost mutation: Your spells are a little easier to cast, but
                  | a little less powerful. [potion of mutation]
 74534 | Depths:3 | Gained mutation: Your muscles are strong. (Str +4, Int/Dex
                  | -1) [potion of mutation]
 74534 | Depths:3 | Gained mutation: You have hidden genetic potential. [potion
                  | of mutation]
 74840 | Depths:3 | Identified the +9 rapier "Zuosaip" {heavy, *Noise Dex+4
                  | SInv}
 75562 | Depths:4 | Entered Level 4 of the Depths
 75654 | Depths:4 | Found a bloodstained altar of Trog.
 75914 | Depths:4 | Found a gate to the Realm of Zot.
 76289 | Depths:4 | Found a one-way gateway to a ziggurat.
 76587 | Depths:4 | Found a stormy altar of Qazlal.
 76853 | Depths:4 | Found a runed translucent door.
 76853 | Depths:4 | Found Hietaxil's Changing Room.
 76855 | Depths:4 | Noticed Gemnonof's ghost (adept DgCj)
 76858 | Depths:4 | Identified the amulet "Sovvo" {Reflect Drain rElec rF+ rN+
                  | SH+5}
 76865 | Depths:4 | Bought a potion of mutation for 120 gold pieces
 76865 | Depths:4 | Bought a potion of mutation for 120 gold pieces
 77154 | Depths:4 | Killed Gemnonof's ghost
 77156 | Depths:4 | Found a runed translucent door.
 77159 | Depths:4 | Noticed dondy's ghost (veteran HOMo)
 77178 | Depths:4 | Killed dondy's ghost
 77189 | Depths:4 | Found a runed translucent door.
 77194 | Depths:4 | Noticed dracomuter's ghost (adept TrCK)
 77387 | Depths:4 | Killed dracomuter's ghost
 77408 | Depths:4 | Identified the staff of earth "Ipyogg" {Str+4}
 77799 | Vaults:2 | Identified the ring "Ygaghez" {rPois rN+ Dex+6}
 77810 | Vaults:2 | Identified the amulet "Jaum" {Faith rN+}
 77812 | Vaults:2 | Identified the amulet of Wuzacan {Acrobat Harm Str+3 Int+2}
 77979 | Vaults:4 | Killed jlumianski's ghost
 78297 | Hell     | Entered the Vestibule of Hell
 78297 | Hell     | Noticed Geryon
 78306 | Hell     | Killed Geryon
 78667 | D:11     | You paid a toll of the horn of Geryon to enter a treasure
                  | trove
 78668 | Trove    | Entered a treasure trove
 78682 | Trove    | Identified the +5 kite shield of Biuliagg {rElec rN+ Str-3}
 78684 | Trove    | Identified the +1 buckler of the Moon {Rampage}
 78687 | Trove    | Identified the +0 kite shield "Xuwkiam" {Rampage +Blink
                  | rN+}
 78691 | Trove    | Identified the +2 cloak of Cughataa {rElec rN+ Str-3 SInv}
 78694 | Trove    | Identified the +1 cloak of Hepliaklqana's Anger {Str+2
                  | SInv}
 78697 | Trove    | Identified the +3 plate armour of Urchoyts {Harm rElec rF-}
 79193 | Depths:1 | Reached XP level 25. HP: 89/198 MP: 7/33
 79946 | Hell     | Found a gateway to the ashen valley of Gehenna.
 80022 | Hell     | Found a gateway to the freezing wastes of Cocytus.
 80233 | Hell     | Found a gateway to the Iron City of Dis.
 80378 | Hell     | Found a gateway to the decaying netherworld of Tartarus.
 80715 | Geh:1    | Entered Level 1 of Gehenna
 81005 | Geh:1    | Learned a level 9 spell: Fire Storm
 81251 | Geh:2    | Gained mutation: Your natural rate of healing is unusually
                  | fast. [hidden potential]
 81556 | Geh:3    | You are sucked into a shaft and drop 1 floor!
 81593 | Geh:4    | Noticed a dread lich
 81596 | Geh:4    | Paralysed by a dread lich for 2 turns
 81600 | Geh:4    | Killed a dread lich
 81961 | Geh:5    | Reached skill level 10 in Conjurations
 82424 | Geh:6    | Reached skill level 10 in Fire Magic
 82656 | Geh:7    | Entered Level 7 of Gehenna
 83336 | Geh:7    | Reached XP level 26. HP: 239/239 MP: 33/33
 83774 | Geh:7    | Identified the +0 pearl dragon scales of the Untouchables
                  | {Fly rElec rN+ Str+3}
 83979 | Geh:7    | Found the +13 sceptre of Asmodeus
 83979 | Geh:7    | Noticed Asmodeus
 83988 | Geh:7    | Killed Asmodeus
 84009 | Geh:7    | Identified the +11 trident "Roracw" {freeze, Will+ Int+3}
 84024 | Geh:7    | Got an obsidian rune of Zot
 84029 | Geh:7    | Identified the +6 spear "Murmur" {freeze, Str+3}
 84059 | Geh:7    | Identified the +0 sling "Kaughu Amia" {speed, Str+2 Stlth+}
 84062 | Geh:7    | Identified the +10 mace "Delas" {spect, Int+5}
 84285 | Tar:1    | Entered Level 1 of Tartarus
 84582 | Tar:2    | Lost mutation: You are very dopey. (Int -4) [hidden
                  | potential]
 84582 | Tar:2    | Lost mutation: You have hidden genetic potential. [hidden
                  | potential expressed]
 84903 | Tar:2    | You are sucked into a shaft and drop 1 floor!
 84937 | Tar:3    | HP: 11/252 [eidolon (9)]
 84938 | Tar:3    | HP: 3/252 [constriction (3)]
 84938 | Tar:3    | Mangled by a spectral naga warrior

Illustrated notes

Levels and vault maps discovered:
D:1:      giann_wishing_wells, layout_rooms, minmay_pentomino_u4
D:2:      layout_basic, ebering_ecumenical_altar_box, uniq_natasha
D:3:      layout_loops_cross, nicolae_overflows_in_rows,
          nicolae_wu_jian_wuxing_cycle, serial_shops, shop, shop, shop_statue,
          nicolae_shop_stone, gammafunk_ghost_arena
D:4:      layout_loops_cross, gup_sewer_entry_pipe
D:5:      layout_basic, nemelex_dance_club_becter, enter_ossuary_4,
          hellmonk_ghost_happy_afterlife, uniq_edmund
D:6:      black_bear_nest_2, layout_basic, temple_doors_e
D:7:      layout_basic
D:8:      layout_rooms, serial_curves, eino_curves_03, eino_curves_02,
          minmay_misc_feat_five
D:9:      layout_long_grid, mainiacjoe_overflow_24_doors, lair_entry_dummy
D:10:     layout_cave_pools, gammafunk_ghost_ooze, enter_bailey_3, uniq_grum,
          uniq_amaemon
D:11:     layout_roguey, erik_orc_4, enter_trove_0, grunt_ministairs_12
D:12:     layout_roguey
D:13:     layout_long_grid, hangedman_vaults_entry_quadrant_bands,
          gammafunk_ghost_split, vehumet_statue
D:14:     layout_loops_cross, portal_ice_cave_entry_pillars_1
D:15:     hangedman_depths_entry_civil_slaughter, layout_layer_cave,
          dreamdust_mushroom_princess, hellmonk_guarded_unrand_sphere_of_battle,
          uniq_rupert
Lair:1:   layout_misc_corridors, minivault_24, minmay_lair_oklob_items,
          serial_bayou_shore_b, serial_bayou_shore_a, uniq_maggie
Lair:2:   layout_layer_cave, skrybe_swamp_entry_bodies, gammafunk_ghost_split,
          beast_lair_carwin_2, grunt_megastairs_4
Lair:3:   layout_gridlike, nicolae_snake_entry_squirm, st_stairs_10,
          hellmonk_guarded_unrand_zhor
Lair:4:   layout_misc_corridors, bobbens_ice_dragon_lair
Lair:5:   evil_forest, layout_misc_corridors, nicolae_slime_entry_slimehenge,
          lemuel_fruit_fields
Swamp:1:  layout_basic_swamp, evilmike_swamp_ruin_house_5, uniq_josephine,
          uniq_louise
Swamp:2:  layout_basic_swamp, infiniplex_staircase_pool, swamp_pool3
Swamp:3:  layout_basic_swamp, evilmike_swamp_ruin_rubble_1, swamp_pool3,
          nicolae_swamp_tree_designs
Swamp:4:  grunt_swamp_rune_castle, layout_basic_swamp, swamp_pool5,
          beargit_elvish_explorers
Snake:1:  layout_onion, uniq_azrael
Snake:2:  layout_layer_cave, serial_shops, shop, lemuel_oklob_altar,
          minmay_shoptagon
Snake:3:  layout_layer_cave
Snake:4:  grunt_snake_rune_serpentine_throne, layout_gridlike, basic_altar
Slime:1:  layout_caves
Slime:2:  nicolae_slime_pool, layout_caves, special_room [special_room_jelly],
          uniq_dissolution
Slime:3:  layout_caves, nicolae_slime_phagocytosis
Slime:4:  cheibrodos_slime_lost_civilization_10, layout_caves
Slime:5
Orc:1:    layout_diamond_mine
Orc:2:    kennysheep_orc_mage_school, layout_diamond_mine
Elf:1:    minmay_elf_arrival_plus, layout_loops_corners, serial_shops,
          shop_fountains, kennysheep_underground_church
Elf:2:    elven_hall_of_blades_hangedman_original [nicolae_blade_tridents],
          layout_geoelf_grid, guppyfry_elf_garden, lemuel_elevator
Elf:3:    elf_hall, layout_geoelf_castle, serial_shops, nicolae_diamond_shop
Vaults:1: portal_desolation_entry_twin_temple, nicolae_vaults_spaceships,
          grunt_vaults_diagonal, v_misc_19, vaults_mumra_hex,
          ontoclasm_vaults_decontamination, nicolae_vaults_two_Ls, v_misc_4,
          v_misc_28, nicolae_vaults_asterisk, v_misc_2, v_misc_25,
          nicolae_vaults_border_crossing, layout_vaults_big_room, serial_shops,
          freezing_bzr
Vaults:2: nicolae_vaults_sightless_eye, nicolae_vaults_network_square,
          nicolae_vaults_big_ls, gammafunk_its_a_trap,
          nicolae_vaults_doubleplus_tesselated, nicolae_vaults_tangram_1,
          nicolae_vaults_offset_grid_hallway_1,
          nicolae_vaults_closet_pinwheel_4, nicolae_vaults_three_branches,
          nicolae_vaults_house_3, nicolae_vaults_rhombus_6,
          layout_vaults_omnibox, uniq_frederick
Vaults:3: nicolae_vaults_tetromino_T_2, nicolae_vaults_trapezoid_lopsided_3,
          v_misc_26, nicolae_vaults_windows_and_doors_thing,
          minmay_crypt_entry_simple_plaza, v_misc_15, vaults_mumra_hexcomb,
          layout_vaults_omnigrid
Vaults:4: ebering_ghost_xom, nicolae_vaults_stepped_doors,
          vaults_room_door_ring, v_misc_28, ontoclasm_vaults_chip,
          nicolae_vaults_sesquioval_fish, nicolae_vaults_little_squares_4,
          nicolae_vaults_storage_room_glass, nicolae_vaults_little_squares_4,
          nicolae_vaults_cornered_office, v_misc_10, ontoclasm_vaults_twist,
          ontoclasm_vaults_claustrophobia, vaults_room_semicircle,
          nicolae_vaults_trapezoid_lopsided_3, layout_vaults_big_cross,
          serial_shops, nicolae_shop_real_fake_doors, uniq_boris
Vaults:5: serial_shops
Depths:1: layout_gridville, pf_hell_entry_great_geh, rand_demon_pan_entry_5,
          grunt_ministairs_7, skrybe_limestone_x, nzn_life_drinkers,
          serial_bayou_shore_b
Depths:2: kennysheep_ambush_hall, layout_cave_pools, grunt_hell_horde,
          abyss_entry_small_statue_room, pan_entry
Depths:3: kennysheep_scales, layout_gridlike, hangedman_tar_grid_catacomb,
          kennysheep_donut, abyss_entry, infiniplex_staircase_star
Depths:4: grunt_twist_and_shout, layout_gridlike, enter_ziggurat_e, abyss_entry,
          pan_entry, trog_three_pillars_becter,
          muffindrake_ghost_three_little_ghosts, hell_entry,
          nicolae_transmutations_shop, chequers_serial_rivers_small_b,
          lemuel_statue_altar, nrook_mini_vaults
Hell
Geh:1:    layout_gehenna_lava_caves
Geh:2:    layout_gehenna_pools_triple
Geh:3:    layout_gehenna_pools_triple, nicolae_geh_lava_in_the_way
Geh:4:    layout_gehenna_lava_caves
Geh:5:    layout_gehenna_lava_caves
Geh:6:    layout_gehenna_lava_caves, nicolae_geh_single_fiery_grave
Geh:7:    geh_mu
Tar:1:    layout_grid_maze, nicolae_tar_cuneiform_city,
          nicolae_tar_cuneiform_two
Tar:2:    layout_grid_maze
Tar:3:    layout_grid_maze

Skill      XL: |  1  2  3  4  5  6  7  8  9 10 11 12 13 14 15 16 17 18 19 20 21 22 23 24 25 26 |
---------------+-------------------------------------------------------------------------------+-----
Unarmed Combat | 4 5 7 10 9 10 11 14 15 16 20 | 20.0
Transmutations | 3 4 5 6 7 6 7 8 10 12 15 | 15.0
Ice Magic      | 1 3 5 6 7 8 7 8 9 |  9.0
Fighting       | 6 10 9 13 15 17 20 | 20.0
Conjurations   | 3 7 8 7 8 9 12 13 | 13.5
Air Magic      | 3 7 8 7 8 9 |  9.0
Spellcasting   | 4 4 5 7 9 10 | 10.0
Dodging        | 9 11 12 15 17 18 20 | 20.0
Fire Magic     | 5 8 11 13 | 13.7
Earth Magic    | 6 10 | 10.0
Shields        | 7 10 | 10.0

Action                     |  1- 3 |  4- 6 |  7- 9 | 10-12 | 13-15 | 16-18 | 19-21 | 22-24 | 25-27 || total
---------------------------+-------+-------+-------+-------+-------+-------+-------+-------+-------++-------
  Melee: Unarmed           |    24 |   202 |   368 |   423 |   716 |  1051 |  1295 |  1343 |   525 ||  5947
         Kick              |     5 |    45 |    30 |       |     5 |       |       |       |       ||    85
         Tailslap          |    11 |    14 |    20 |       |     1 |    80 |   315 |   324 |   132 ||   897
         Headbutt          |     3 |    20 |    11 |       |     3 |       |       |       |       ||    37
         Whip              |    68 |    34 |       |       |       |       |       |       |       ||   102
         Punch             |     1 |     5 |     6 |       |     1 |    53 |   132 |    86 |    92 ||   376
         Bite              |       |       |       |       |       |       |    12 |    93 |    99 ||   204
         Bo                |       |       |       |       |       |       |       |     3 |    12 ||    15
   Cast: Beastly Appendage |     8 |    36 |     7 |       |     3 |       |       |       |       ||    54
         Wereblood         |       |     2 |     9 |     6 |    10 |     3 |     6 |     5 |     3 ||    44
         Ice Form          |       |     1 |    29 |    54 |    87 |    92 |       |       |       ||   263
         Freezing Cloud    |       |       |       |    16 |    81 |   114 |    16 |     6 |       ||   233
         Frozen Ramparts   |       |       |       |     8 |    19 |    17 |     3 |       |       ||    47
         Fireball          |       |       |       |       |       |    13 |     5 |     4 |       ||    22
         Statue Form       |       |       |       |       |       |    37 |    86 |    48 |     1 ||   172
         Passwall          |       |       |       |       |       |     1 |       |     2 |     1 ||     4
         Irradiate         |       |       |       |       |       |       |    11 |    26 |       ||    37
         Dragon Form       |       |       |       |       |       |       |    11 |    55 |    44 ||   110
 Invoke: Sacrifice Love    |       |     1 |       |       |       |       |       |       |       ||     1
         Sacrifice Stealth |       |       |     1 |       |       |       |       |       |       ||     1
         Sacrifice Artific |       |       |       |     1 |       |       |       |       |       ||     1
         Reject Sacrifices |       |       |       |     1 |     2 |     2 |     1 |     1 |       ||     7
         Power Leap        |       |       |       |     1 |       |     2 |       |       |       ||     3
         Apocalypse        |       |       |       |       |     2 |     5 |     8 |     7 |     2 ||    24
         Sacrifice Skill   |       |       |       |       |     1 |       |       |       |       ||     1
         Draw Out Power    |       |       |       |       |     8 |    16 |     9 |     1 |     2 ||    36
         Sacrifice Purity  |       |       |       |       |       |     1 |       |       |       ||     1
Ability: Breathe Steam     |       |       |       |    12 |     9 |     8 |     4 |     8 |    11 ||    52
         End Transformatio |       |       |       |       |       |     1 |       |       |       ||     1
    Use: Potion            |       |     3 |       |     1 |     9 |     6 |     4 |     7 |     2 ||    32
         Scroll            |       |     6 |     4 |     8 |    12 |    15 |     5 |     7 |     1 ||    58
   Stab: Sleeping          |     1 |       |       |       |       |       |       |       |       ||     1
         Distracted        |       |       |     1 |     2 |     3 |     6 |     5 |     6 |       ||    23
         Invisible         |       |       |       |     2 |     4 |     7 |    13 |     7 |     2 ||    35
         Paralysed         |       |       |       |       |     9 |     7 |    26 |    17 |    13 ||    72
         Confused          |       |       |       |       |       |       |     1 |       |       ||     1
 Armour: Skin              |    24 |    84 |   115 |    92 |   166 |   437 |  1009 |   724 |   229 ||  2880
  Dodge: Dodged            |    54 |   129 |   138 |   159 |   391 |   679 |  1304 |  1213 |   223 ||  4290
  Block: Other             |       |    68 |    69 |    61 |       |       |       |       |    43 ||   241
         Reflection        |       |     3 |     1 |     4 |       |       |       |       |       ||     8
         Buckler           |       |       |       |       |       |       |   116 |   338 |    26 ||   480
